 Dungeon Crawl Stone Soup version 0.23-a0-29-g1be82e5 (webtiles) character file.

66 Treefire the Firebug (level 3, -1/19 HPs)
             Began as a Deep Elf Fire Elementalist on Aug 3, 2018.
             Slain by a bullfrog (8 damage)
             ... on level 3 of the Dungeon.
             The game lasted 00:07:45 (2536 turns).

Treefire the Firebug (Deep Elf Fire Elementalist)   Turns: 2536, Time: 00:07:46

Health: -1/19      AC:  2    Str:  5    XL:     3   Next: 96%
Magic:  1/9        EV: 13    Int: 20    God:
Gold:   52         SH:  0    Dex: 15    Spells: 2/8 levels left

rFire    . . .     SeeInvis .   u - +0 short sword (speed)
rCold    . . .     Gourm    .   (no shield)
rNeg     . . .     Faith    .   a - +0 robe
rPois    .         Spirit   .   (no helmet)
rElec    .         Reflect  .   (no cloak)
rCorr    .         Harm     .   (no gloves)
MR       .....                  (no boots)
Stlth    ++........             (no amulet)
HPRegen  0.06/turn              (no ring)
MPRegen  0.11/turn              (no ring)

@: very slightly contaminated
A: no striking features
a: no special abilities


You were on level 3 of the Dungeon.
You were not hungry.

You visited 1 branch of the dungeon, and saw 3 of its levels.

You collected 52 gold pieces.

Inventory:

Hand Weapons
 l - a +0 dagger
 u - a +0 short sword of speed (weapon)
 x - a +0 hunting sling
Missiles
 g - 43 stones (quivered)
 i - 70 arrows
 m - 6 poisoned needles
 q - 3 javelins of returning
 w - 4 tomahawks
Armour
 a - a +0 robe (worn)
Jewellery
 j - an uncursed amulet of harm {unknown}
 s - an uncursed ring of wizardry {unknown}
Scrolls
 e - 3 scrolls of teleportation {unknown}
 h - 3 scrolls of remove curse {unknown}
 k - a scroll of fog {unknown}
 n - a scroll of blinking {unknown}
 p - 2 scrolls of identify {unknown}
Potions
 b - 2 potions of degeneration {unknown}
 d - a potion of agility {unknown}
 f - a potion of haste {unknown}
 o - a potion of curing {unknown}
 r - a potion of lignification {unknown}
 t - a potion of brilliance {unknown}
Comestibles
 c - 6 rations
 v - a chunk of flesh


   Skills:
 - Level 2.4 Dodging
 - Level 2.4 Stealth
 - Level 3.0 Spellcasting
 + Level 3.8 Conjurations
 + Level 3.8 Fire Magic


You had 2 spell levels left.
You knew the following spells:

 Your Spells              Type           Power        Failure   Level  Hunger
a - Flame Tongue          Conj/Fire      ###..        3%          1    None
b - Throw Flame           Conj/Fire      ###...       4%          2    ##.....
c - Conjure Flame         Conj/Fire      ###.....     9%          3    ###....

Your spell library contained the following spells:

 Spells                   Type           Power        Failure   Level  Hunger
 Fireball                 Conj/Fire      ###.......   63%         5    ######.
 Sticky Flame             Conj/Fire      ###.....     30%         4    ####...
 Inner Flame              Hex/Fire       ##......     19%         3    ###....


Dungeon Overview and Level Annotations

Branches:
Dungeon (3/15)

Altars:

Annotations:
D:2 exclusion: door


Message History

The bullfrog misses you.
Unknown command.
The bullfrog hits you.
Casting: Flame Tongue (safe; 3% risk of failure)
Confirm with . or Enter, or press ? or * to list all spells.
Aiming: Flame Tongue (safe; 3% risk of failure)
Press: ? - help, Shift-Dir - straight line, f/p - bullfrog
Aim: a bullfrog (moderately wounded)
The flame tongue hits the bullfrog.
The bullfrog is heavily wounded.
The bullfrog hits you.
Casting: Flame Tongue (safe; 3% risk of failure)
Confirm with . or Enter, or press ? or * to list all spells.
Aiming: Flame Tongue (safe; 3% risk of failure)
Press: ? - help, Shift-Dir - straight line, f/p - bullfrog
Aim: a bullfrog (heavily wounded)
The flame tongue hits the bullfrog.
The bullfrog is almost dead.
The bullfrog barely misses you. The bullfrog hits you!
You die...

# #. # .##. #.
... ..##.###
..$..#
#..##.#.#####
#...........#
...).#.#F###.#
.#. #.#@# #.#
........# #.#
#...##### #.#
##.# #.# #.
#.### # #...#
##+## ###.#
##...## #.#
##.....## ##.#


You could see a bullfrog.

Vanquished Creatures
  2 adders (D:2)
  A worm (D:2)
  A leopard gecko (D:1)
  An orc (D:3)
  7 giant cockroaches
  6 goblins
  2 hobgoblins
  5 kobolds
  2 quokkas
  A ball python (D:2)
  5 bats
  3 frilled lizards
  5 rats
41 creatures vanquished.

Notes
Turn   | Place    | Note
-------+----------+-------------------------------------------
     0 | D:1      | Treefire the Deep Elf Fire Elementalist began the quest for the Orb.
     0 | D:1      | Reached XP level 1. HP: 10/10 MP: 6/6
   238 | D:1      | Reached XP level 2. HP: 15/15 MP: 4/8
   242 | D:1      | Learned a level 2 spell: Throw Flame
  1200 | D:2      | Reached XP level 3. HP: 19/19 MP: 4/9
  1245 | D:2      | Learned a level 3 spell: Conjure Flame
  2526 | D:3      | Noticed a bullfrog
  2536 | D:3      | Slain by a bullfrog

Vault maps used:
D:1:      lemuel_arrival_rhombus
D:2:      first_ration
D:3:      grunt_gozag_statues, gammafunk_temple_overflow_elements, uniq_robin,
          uniq_sigmund, uniq_jessica, uniq_crazy_yiuf_cottage

Skill      XL: |  1  2 |
---------------+-------+-----
Conjurations   | 2 3 |  3.8
Dodging        | |  2.4
Stealth        | |  2.4
Spellcasting   | |  3.0
Fire Magic     | |  3.8

Action                   || total
-------------------------++-------
Melee: Dagger            ||     3
       Short sword       ||    10
Throw: Stone             ||     3
 Cast: Flame Tongue      ||    37
       Throw Flame       ||    34
  Eat: Chunk             ||     6
Armor: Robe              ||     2
Dodge: Dodged            ||    17

Table legend:
 A = Spawn XP
 B = Non-spawn XP
 C = Spawn XP percentage of total XP
 D = Spawn monster count
 E = Non-spawn monster count
 F = Spawn count percentage of total count
 G = Total turns spent on level
                    A         B        C        D         E        F      G
               +---------+---------+-------+---------+---------+-------+---------
         Total |       0 |      95 |   0.0 |       0 |      41 |   0.0 |  2536
               +---------+---------+-------+---------+---------+-------+---------
           D:1 |       0 |      37 |   0.0 |       0 |      22 |   0.0 |  1056
           D:2 |       0 |      47 |   0.0 |       0 |      13 |   0.0 |  1293
           D:3 |       0 |      11 |   0.0 |       0 |       6 |   0.0 |   187
               +---------+---------+-------+---------+---------+-------+---------
